Unix NetHack Version 3.7.0-80 Work-in-progress - last build Mar 20 2023 03:01:41 (4d3a4a9e917c0f86d3594936c235e576342b1c4a,branch:master). Game began 2023-03-25 12:57:21, ended 2023-03-25 13:02:33. sopa, chaotic male human Wizard -- ---.- |....| |..... -- |...... ----- -.-- |.......--...-- -...| |...........--G...-- |............@G....| --................-- ----...........--- ----...<.%..---- -.....)........- ...|.......------ -----........| ......|.-- |......---- --.|.--- ----- Sopa the Evoker St:9 Dx:16 Co:14 In:16 Wi:11 Ch:9 Chaotic S:243 Dlvl:3 $:19 HP:0(21) Pw:3(15) AC:8 Xp:2/31 T:567 Latest messages: The door opens. The door opens. You see here 3 gold pieces. $ - 3 gold pieces (19 in total). There is a sink here. In what direction? 4 The spell hits the lichen! You kill the lichen! You hear a slow drip. You hear the splashing of a naiad. Where do you want to travel to? (For instructions type a '?') You are hit by a crude dagger. The goblin hits! You miss the goblin. The goblin hits! You don't have enough energy to cast that spell. You miss the goblin. The goblin hits! You kill the goblin! Welcome to experience level 2. You see here an iron skull cap. s - an iron skull cap. What do you want to wear? [s or ?*] Never mind. What do you want to drop? [$a-jl-s or ?*] s You drop an iron skull cap. Where do you want to travel to? (For instructions type a '?') You descend the stairs. You see here a lamp. t - a lamp. The gnome hits! The gnome wields a bow! In what direction? 9 The spell hits the gnome! You kill the gnome! The gnome shoots an arrow! You are hit by an arrow. The gnome picks up a gem. In what direction? 9 You don't have enough energy to cast that spell. The gnome swings her bow. The gnome hits! You hit the gnome! The gnome swings her bow. The gnome hits! You die... Do you want your possessions identified? [ynq] (y) y Do you want to see your attributes? [ynq] (y) q Inventory: Coins $ - 19 gold pieces Amulets n - an uncursed amulet versus poison Weapons a - a blessed +1 quarterstaff (weapon in hands) Armor q - an uncursed +0 pair of gauntlets of dexterity (being worn) b - an uncursed +0 cloak of magic resistance (being worn) Comestibles o - an uncursed fortune cookie Scrolls i - an uncursed scroll of food detection j - an uncursed scroll of remove curse Spellbooks m - an uncursed spellbook of detect monsters l - a blessed spellbook of force bolt Potions g - an uncursed potion of extra healing h - an uncursed potion of object detection f - an uncursed potion of water Rings e - an uncursed ring of free action d - an uncursed ring of invisibility Wands c - a wand of magic missile (0:4) r - a wand of speed monster (0:3) Tools p - an empty uncursed sack t - an uncursed oil lamp Sopa the Wizard's attributes: Background: You were an Evoker, a level 2 male human Wizard. You were chaotic, on a mission for Anhur who was opposed by Ptah (lawful) and Thoth (neutral). You were in the Gnomish Mines, on level 3. You entered the dungeon 567 turns ago. You had 31 experience points, 9 more were needed to attain level 3. Your score was 243 before end-of-game adjustments. Basics: You had 0 out of 21 hit points. You had 3 out of 15 energy points (spell power). Your armor class was 8. Your wallet contained 19 zorkmids. Autopickup was off. Final Characteristics: Your strength was 9 (limit:18/100). Your dexterity was 16 (limit:18). Your constitution was 14 (limit:18). Your intelligence was 16 (limit:18). Your wisdom was 11 (limit:18). Your charisma was 9 (limit:18). Final Status: You were not hungry. You were unencumbered. You were wielding a quarterstaff. You had basic skill with quarterstaff. Final Attributes: You were fervently aligned. You were magic-protected. You were warded. You are dead. Miscellaneous: You never encountered a bones level. Total elapsed playing time was 5 minutes and 12 seconds. Major events: Turn 1: sopa the chaotic male human Wizard entered the dungeon 557: entered the Gnomish Mines 567: killed by a gnome Vanquished creatures: a kitten a gnome a goblin 4 lichens a kobold zombie 2 newts 10 creatures vanquished. No species were genocided or became extinct. Voluntary challenges: You followed a strict vegan diet. You were an atheist. You read items or engraved 2 times. You never engraved Elbereth. You never genocided any monsters. You never polymorphed an object. You never changed form. You used no wishes. Achievement: You entered the Gnomish Mines. The Dungeons of Doom: levels 1 to 2 Level 1: Some fountains. Level 2: Some fountains, a sink. Stairs down to The Gnomish Mines. The Gnomish Mines: Level 3: <- You were here. Final resting place for you, killed by a gnome. Game over: ---------- / \ / REST \ / IN \ / PEACE \ / \ | sopa | | 19 Au | | killed by a | | gnome | | | | | | 2023 | *| * * * | * _________)/\\_//(\/(/\)/\//\/|_)_______ Goodbye sopa the Wizard... You died in The Gnomish Mines on dungeon level 3 with 242 points, and 19 pieces of gold, after 567 moves. You were level 2 with a maximum of 21 hit points when you died.